 Dungeon Crawl Stone Soup version 0.28.0 (webtiles) character file.

Game seed: 13398493653677499701

2223 Hasart the Insei (level 9, -3/58 HPs)
             Began as an Octopode Transmuter on Feb 15, 2022.
             Was an Initiate of Gozag.
             Killed by divine providence
             ... invoked by an orc priest
              (8 damage)
             ... on level 6 of the Dungeon.
             The game lasted 00:13:44 (7750 turns).

Hasart the Insei (Octopode Transmuter)              Turns: 7750, Time: 00:13:44

Health: -3/58      AC:  1    Str: 10    XL:     9   Next: 35%
Magic:  23/24      EV: 14    Int: 19    God:    Gozag
Gold:   503        SH:  6    Dex: 12    Spells: 6/16 levels left

rFire   . . .      SeeInvis .     - Unarmed
rCold   + . .      Faith    .   d - +2 buckler
rNeg    . . .      Spirit   .   (helmet restricted)
rPois   .          Reflect  .   (no amulet)
rElec   .          Harm     .   g - ring of magical power
rCorr   .          Rampage  .   p - ring of protection from cold
Will    .....                   (no ring)
Stlth   ++........              (no ring)
HPRegen 0.19/turn               (no ring)
MPRegen 0.19/turn               (no ring)
                                (no ring)
                                (no ring)

@: gold aura
A: almost no armour, amphibious, 8 rings, camouflage 1, gelatinous body 1,
(nimble swimmer 1), tentacles
a: Renounce Religion, Potion Petition, Call Merchant, Bribe Branch


You were on level 6 of the Dungeon.
You worshipped Gozag.
Gozag was pleased with you.
You visited 2 branches of the dungeon, and saw 7 of its levels.

You collected 549 gold pieces.
You paid 46 gold pieces to Gozag.

Inventory:

Missiles
 b - 6 silver javelins
 c - 5 curare-tipped darts (quivered)
 e - 2 throwing nets
 r - 6 poisoned darts
Armour
 d - a +2 buckler (worn)
Jewellery
 g - a ring of magical power (left tentacle)
 p - a ring of protection from cold (right tentacle)
Wands
 k - a wand of mindburst (4)
 l - a wand of charming (12)
Scrolls
 a - 6 scrolls of identify {unknown}
 h - a scroll of teleportation {unknown}
 m - a scroll of torment {unknown}
 n - a scroll of immolation {unknown}
 q - a scroll of amnesia {unknown}
 t - a scroll of blinking {unknown}
 u - a scroll of brand weapon {unknown}
Potions
 i - 5 potions of degeneration {unknown}
 j - 3 potions of flight {unknown}
 o - a potion of haste {unknown}
 s - a potion of mutation {unknown}


   Skills:
 + Level 3.8 Fighting
 + Level 3.5 Throwing
 + Level 4.3 Dodging
 + Level 3.5 Shields
 * Level 6.3 Unarmed Combat
 + Level 4.0 Spellcasting
 + Level 4.3 Transmutations
 + Level 3.0 Ice Magic
 + Level 4.2 Poison Magic


You had 6 spell levels left.
You knew the following spells:

 Your Spells              Type           Power      Damage    Failure   Level
a - Beastly Appendage     Tmut           40%        N/A       3%          1
b - Wereblood             Tmut           20%        N/A       4%          2
c - Spider Form           Tmut/Pois      20%        N/A       10%         3
d - Ice Form              Ice/Tmut       17%        N/A       36%         4

Your spell library contained the following spells:

 Spells                   Type           Power      Damage    Failure   Level
 Passwall                 Tmut/Erth      10%        N/A       11%         2
 Ensorcelled Hibernation  Hex/Ice        18%        N/A       14%         2
 Swiftness                Air            3%         N/A       47%         3


Dungeon Overview and Level Annotations

Branches:
Dungeon (6/15)             Temple (1/1) D:4

Altars:
Fedhas
Gozag
Ru
Trog
Wu Jian
Yredelemnul
The Shining One

Shops:
D:6 [


Innate Abilities, Weirdness & Mutations

You cannot wear most types of armour.
You are amphibious.
You can wear up to eight rings at the same time.
Your skin changes colour to match your surroundings (Stealth+).
Your rubbery body absorbs attacks. (AC +1, EV +1)
((You are camouflaged when in or above water. (Stealth+)))
You have tentacles for arms and can constrict up to eight enemies at once.


Message History

You kill the orc wizard!
The orc warrior is distracted by your dazzling golden aura.
An orc priest comes into view. It is wielding a +0 short sword.
Things that are here:
6 gold pieces; a +0 dagger; a +0 robe The orc warrior shouts!
You hit the orc warrior.
The orc warrior is poisoned.
The orc warrior is no longer distracted by gold.
The orc warrior is lightly wounded.
The orc warrior closely misses you.
You hit the orc warrior but do no damage.
The orc warrior looks as sick as possible!
The orc warrior is lightly wounded.
The orc warrior hits you with a +0 hand axe.
Your transformation is almost over.
The orc priest calls down the wrath of Beogh upon you.
Beogh smites you!
The orc priest mumbles some strange prayers to Beogh against you.
Beogh smites you!
The orc priest looks braver for a moment.
The orc priest casts a cantrip, but nothing happens.
You barely miss the orc warrior.
The orc warrior is severely wounded.
Your transformation has ended.
Your +2 buckler unmelds from your body.
The orc warrior hits you with a +0 hand axe!
* * * LOW HITPOINT WARNING * * *
Unknown command.
Okay, then.
You feel better.
The orc warrior hits you with a +0 hand axe!
* * * LOW HITPOINT WARNING * * *
Unknown command.
You kill the orc warrior!
Your Ice Magic skill increases to level 3!
Your magical contamination has completely faded away.
The orc priest calls down the wrath of Beogh upon you.
Beogh smites you!
You die...
Your body crumbles into a pile of gold.

#.#
##≈≈P≈≈≈♣≈P.≈##.#
...
#≈.≈≈♣≈P.≈≈.###..
#.##
#P≈P≈≈≈.≈#..# #.#
#.# #≈≈P≈≈≈####.#
#.# #.# #.≈.≈.##
#.###.# #.#
#####.# #......
##.# #####.# .
######..# #.# .
#.@....## #.#
#.###### #.#
#####.# #.#
..##o# #.#
#.##.## #..
#.#...##### #.#
#...#.....#
#..o..###.#
#########..#.##


You could see an orc priest and an orc.

Vanquished Creatures
  A two-headed ogre (D:5)
  Sigmund (D:5)
  Edmund (D:5)
  2 sky beasts
  2 orc warriors
  2 ogres
  A phantom (D:6)
  A bullfrog (D:6)
  Blork the orc (D:5)
  A scorpion (D:3)
  A howler monkey (D:6)
  A bullfrog zombie (D:5)
  2 centaur skeletons
  2 hounds
  A jelly (D:4)
  An orc priest (D:4)
  A bullfrog skeleton (D:5)
  An iguana (D:6)
  3 orc wizards
  2 hound skeletons (D:4)
  4 adders
  A white imp (D:6)
  2 ufetubi
  An adder skeleton (D:4)
  A worm (D:2)
  6 dart slugs
  3 orcs
  7 endoplasms
  3 giant cockroaches
  9 goblins
  7 hobgoblins
  11 jackals
  3 kobolds
  3 quokkas
  8 ball pythons
  4 bats (D:3)
  2 frilled lizards (D:1)
  A quokka skeleton (D:4)
  4 rats
108 creatures vanquished.

Vanquished Creatures (others)
  An orc wizard (D:4)
  36 plants (D:6)
37 creatures vanquished.

Grand Total: 145 creatures vanquished

Notes
Turn   | Place    | Note
-------+----------+-------------------------------------------
     0 | D:1      | Hasart the Octopode Transmuter began the quest for the Orb.
     0 | D:1      | Reached XP level 1. HP: 13/13 MP: 3/3
    75 | D:1      | Reached XP level 2. HP: 12/18 MP: 5/5
   605 | D:1      | Reached XP level 3. HP: 16/23 MP: 4/6
   608 | D:1      | Learned a level 2 spell: Wereblood
   612 | D:1      | Learned a level 3 spell: Spider Form
  1631 | D:2      | Reached XP level 4. HP: 17/28 MP: 5/7
  1784 | D:2      | You fall into a shaft and drop 1 floor!
  1925 | D:3      | Noticed a sky beast
  2512 | D:4      | Noticed an orc warrior
  2602 | D:3      | Killed a sky beast
  2603 | D:3      | Reached skill level 1 in Throwing
  2603 | D:3      | Reached skill level 1 in Shields
  2603 | D:3      | Reached skill level 4 in Unarmed Combat
  2603 | D:3      | Reached skill level 1 in Poison Magic
  2603 | D:3      | Reached XP level 5. HP: 18/34 MP: 8/8
  2908 | D:3      | Reached XP level 6. HP: 39/39 MP: 9/9
  3672 | D:4      | Learned a level 4 spell: Ice Form
  3788 | D:4      | Found a staircase to the Ecumenical Temple.
  3940 | Temple   | Entered the Ecumenical Temple
  3984 | Temple   | Became a worshipper of Gozag Ym Sagoz the Greedy
  4724 | D:4      | Reached XP level 7. HP: 42/45 MP: 11/11
  4736 | D:4      | Reached skill level 1 in Ice Magic
  4936 | D:5      | Entered Level 5 of the Dungeon
  5669 | D:5      | Noticed Sigmund
  5735 | D:6      | Reached skill level 5 in Unarmed Combat
  5768 | D:6      | Reached XP level 8. HP: 23/51 MP: 12/12
  6202 | D:5      | Killed Sigmund
  6244 | D:5      | Noticed Blork the orc
  6244 | D:5      | Noticed Edmund
  6291 | D:5      | Killed Edmund
  6562 | D:5      | Noticed a two-headed ogre
  6595 | D:5      | Killed a two-headed ogre
  6596 | D:5      | Reached skill level 6 in Unarmed Combat
  6596 | D:5      | Reached XP level 9. HP: 57/57 MP: 14/14
  6991 | D:5      | Killed Blork the orc
  7369 | D:6      | Found Nuluz's Antique Armour Boutique.
  7750 | D:6      | Killed from afar by an orc priest

Illustrated notes

Levels and vault maps discovered:
D:1:      lightli_arrival_chessboard, layout_loops_corners,
          shapermc_ecumenical_altar_petra, minmay_cut_off
D:2:      layout_basic
D:3:      layout_rooms, st_stairs_12
D:4:      layout_loops_ring, minmay_temple_entry_fiery, st_stairs_3
D:5:      cheibrodos_two_vegetables, layout_basic, hex_large,
          uniq_blork_the_orc, uniq_sigmund, uniq_edmund
D:6:      layout_loops_ring, serial_shops, nicolae_inconvenience_store,
          grunt_decor_fettered, minmay_misc_feat_cross,
          chequers_serial_rivers_micro_a, serial_bayou_lagoon_a,
          grunt_ministairs_13
Temple:   mainiacjoe_temple_hex_bubbles

Skill      XL: |  1  2  3  4  5  6  7  8  9 |
---------------+----------------------------+-----
Throwing       | 1 2 3 |  3.5
Shields        | 1 2 3 |  3.5
Unarmed Combat | 4 5 6 |  6.3
Poison Magic   | 1 2 3 4 |  4.2
Fighting       | 2 3 |  3.8
Dodging        | 3 4 |  4.3
Transmutations | 3 4 |  4.3
Spellcasting   | 3 4 |  4.0
Ice Magic      | 1 2 3 |  3.0

Action                   |  1- 3 |  4- 6 |  7- 9 || total
-------------------------+-------+-------+-------++-------
Melee: Unarmed           |    89 |    92 |   125 ||   306
       Constrict         |    25 |    24 |    11 ||    60
       Tentacles         |    18 |    20 |    20 ||    58
       Kick              |     7 |       |       ||     7
       Punch             |     2 |     2 |     1 ||     5
Throw: Dart              |       |       |    11 ||    11
       Javelin           |       |       |     1 ||     1
 Cast: Beastly Appendage |     4 |       |     1 ||     5
       Wereblood         |     1 |     1 |     1 ||     3
       Spider Form       |       |     6 |    10 ||    16
Evoke: Wand              |       |       |     3 ||     3
  Use: Potion            |       |       |     3 ||     3
 Stab: Sleeping          |     6 |     8 |     1 ||    15
       Distracted        |       |       |     1 ||     1
Armor: Skin              |     5 |     1 |     4 ||    10
Dodge: Dodged            |    43 |    46 |    63 ||   152
Block: Buckler           |    16 |    21 |    11 ||    48
